 Dungeon Crawl Stone Soup version 0.31-a0-222-gefeffbb62a (webtiles) character file.

Game seed: 15997853378195217015

137 qw the Shooter (level 5, 0/41 HPs)
             Began as a Minotaur Hexslinger on July 4, 2023.
             Succumbed to a scorpion's poison
             ... on level 3 of the Dungeon.
             The game lasted 00:00:36 (1689 turns).

qw the Shooter (Minotaur Hexslinger)                Turns: 1689, Time: 00:00:37

Health: 0/41       AC:  7    Str: 13    XL:     5   Next: 0%
Magic:  5/5        EV: 11    Int: 10    God:
Gold:   92         SH:  0    Dex: 14    Spells: 5/6 levels left

rFire   . . .        Y - +1 sling (freeze)
rCold   . . .        (no shield)
rNeg    . . .        j - +0 ring mail
rPois   .            (helmet restricted)
rElec   .            (no cloak)
rCorr   .            a - +1 pair of gloves
SInv    .            (no boots)
Will    .....        (no amulet)
Stlth   +            (no ring)
HPRegen 0.26/turn    (no ring)
MPRegen 0.09/turn

%: no passive effects
@: lethally poisoned (0 -> -5)
A: horns 2, retaliatory headbutt
a: no special abilities


You were on level 3 of the Dungeon.
You visited 1 branch of the dungeon, and saw 3 of its levels.

You collected 92 gold pieces.


Innate Abilities, Weirdness & Mutations

You have a pair of horns on your head.
You reflexively headbutt those who attack you in melee.


   Skills:
 + Level 2.0 Fighting
 - Level 5.3 Ranged Weapons
 - Level 1.3 Armour
 - Level 2.1 Dodging
 - Level 1.0 Spellcasting
 - Level 2.0 Hexes


You had 5 spell levels left.
You knew the following spells:

 Your Spells              Type           Power      Damage    Failure   Level
a - Slow                  Hex            16%        N/A       32%         1

Your spell library contained the following spells:

 Spells                   Type           Power      Damage    Failure   Level
 Inner Flame              Hex/Fire       2%         N/A       82%         3
 Portal Projectile        Hex/Tloc       4%         N/A       82%         3
 Cause Fear               Hex            2%         N/A       97%         4

Inventory:

Hand Weapons
 Y - a +1 sling of freezing (weapon)
Armour
 a - a +1 pair of gloves (worn)
 j - a +0 ring mail (worn)
Scrolls
 b - a scroll of vulnerability {unknown}
 c - 2 scrolls of teleportation
 g - a scroll of identify
Potions
 d - a potion of resistance {unknown}
 e - a potion of curing {unknown}
 f - 2 potions of cancellation {unknown}
 i - a potion of might

Dungeon Overview and Level Annotations

Branches:
Dungeon (3/15)

Altars:


Message History

The sling bullet freezes the scorpion.
The scorpion is severely wounded.
You feel very sick. The scorpion stings you.
You shoot a sling bullet.
The sling bullet hits the scorpion but does no damage.
The scorpion is severely wounded.
You feel sick.
The scorpion stings you but does no damage. x2
You shoot a sling bullet.
The sling bullet hits the scorpion but does no damage.
The scorpion is severely wounded.
You feel sick. The scorpion stings you.
You shoot a sling bullet.
The sling bullet hits the scorpion but does no damage.
The scorpion is severely wounded.
You feel sick.
The scorpion stings you but does no damage.
The scorpion stings you.
You are lethally poisoned!
The scorpion poisons you!
1685 ||| READING 3 scrolls of teleportation.
As you read the scroll of teleportation, it crumbles to dust.
You feel strangely unstable.
You feel very sick. The scorpion closely misses you. You furiously retaliate!
You headbutt the scorpion. You shoot a sling bullet.
The sling bullet hits the scorpion.
The sling bullet freezes the scorpion.
You kill the scorpion!
You feel very sick.
Your Ranged Weapons skill increases to level 5!
You have reached level 5!
There is a lethal amount of poison in your body!
You feel sick.
There is a lethal amount of poison in your body!
You feel sick.
There is a lethal amount of poison in your body!
Your surroundings suddenly seem different.
You die...

#.##.......#
###.##...>...#
....##.......#
...###.......#
.............#
...###.#.##########
.................>#
....##.#.###.####.#
..#.##.#.###.# #@.#
#.#..%.#.....###%##
#.#....#.######..#
.......#### ###.##
......%...# #...#
.....%###.# #.###
......# #.###.#
......# #.##..#
###...###.##.##


There were no monsters in sight!

Vanquished Creatures
  A scorpion (D:3)
  2 adders
  4 orcs (D:3)
  5 ball pythons
  5 bats
  4 endoplasms
  A giant cockroach (D:1)
  5 goblins
  3 hobgoblins
  8 jackals
  A quokka (D:1)
  2 frilled lizards
  2 kobolds (D:1)
  5 rats
48 creatures vanquished.

Notes
Turn   | Place    | Note
-------+----------+-------------------------------------------
     0 | D:1      | qw the Minotaur Hexslinger began the quest for the Orb.
     0 | D:1      | Reached XP level 1. HP: 16/16 MP: 1/1
     0 | D:1      | 0 ||| qw: Version: 0.3-a-46-gb1f654a
     0 | D:1      | 0 ||| qw: Game counter: 923
     0 | D:1      | 0 ||| qw: Melee chars always use a shield: true
     0 | D:1      | 0 ||| qw: God list: Okawaru
     0 | D:1      | 0 ||| qw: Allow faded altars: false
     0 | D:1      | 0 ||| qw: Do Orc after clearing Dungeon:15 true
     0 | D:1      | 0 ||| qw: Do second Lair branch before Depths: true
     0 | D:1      | 0 ||| qw: Lair rune preference: random
     0 | D:1      | 0 ||| qw: Goals: Normal
     0 | D:1      | 0 ||| PLANNING D:1-11
   251 | D:1      | Reached skill level 3 in Ranged Weapons
   253 | D:1      | Reached XP level 2. HP: 12/23 MP: 2/2
   814 | D:1      | 814 ||| UPGRADING to +0 leather armour.
   824 | D:1      | 824 ||| DROPPING +0 robe.
   825 | D:1      | 825 ||| UPGRADING to +0 ring mail.
   835 | D:1      | 835 ||| DROPPING +0 leather armour.
   836 | D:1      | 836 ||| READING scroll labelled BIYHE REHA.
   840 | D:1      | 840 ||| READING scroll labelled OPAIZU ZUHIOM.
   841 | D:1      | 841 ||| READING scroll labelled DULITI FUPS.
   842 | D:1      | 842 ||| READING scroll labelled BAALOQ CAWKIQI.
   843 | D:1      | 843 ||| DRINKING 2 metallic puce potions.
   844 | D:1      | 844 ||| DROPPING scroll of poison.
   863 | D:2      | Reached XP level 3. HP: 25/29 MP: 3/3
   864 | D:2      | 864 ||| STAIRDANCE
  1378 | D:2      | 1378 ||| UPGRADING to +1 pair of gloves.
  1383 | D:2      | 1383 ||| READING scroll labelled QUEW MA XAOWK.
  1384 | D:2      | 1384 ||| READING scroll labelled ANKA VADUZUBRU.
  1478 | D:3      | Reached skill level 4 in Ranged Weapons
  1485 | D:3      | Reached skill level 1 in Armour
  1562 | D:3      | Reached XP level 4. HP: 36/36 MP: 4/4
  1671 | D:3      | Noticed a scorpion
  1684 | D:3      | HP: 9/36 [scorpion (5)]
  1685 | D:3      | 1685 ||| READING 3 scrolls of teleportation.
  1686 | D:3      | Killed a scorpion
  1686 | D:3      | HP: 4/36 [poisoned by a scorpion]
  1687 | D:3      | Reached skill level 5 in Ranged Weapons
  1687 | D:3      | Reached XP level 5. HP: 4/41 MP: 5/5
  1689 | D:3      | Succumbed to a scorpion's poison

Levels and vault maps discovered:
D:1:      noname_arrival_rooms_in_the_neighbourhood, layout_basic,
          hangedman_feature_mirror, minmay_crystal_room, chequers_garden,
          dk_noncrumbling_4, minmay_curled_crystal, serial_bayou_pond_d,
          hangedman_decor_points, minmay_heptomino_d4
D:2:      layout_loops_ring
D:3:      layout_basic, gammafunk_ghost_cemetery,
          hellmonk_ecumenical_altar_leap_of_faith

Skill      XL: |  1  2  3  4 |
---------------+-------------+-----
Ranged Weapons | 3 4 5 |  5.3
Fighting       | 2 |  2.0
Armour         | 1 |  1.3
Dodging        | |  2.1
Spellcasting   | |  1.0
Hexes          | |  2.0

Action                     |  1- 3 |  4- 6 || total
---------------------------+-------+-------++-------
   Fire: Sling             |   101 |    20 ||   121
    Use: Scroll            |     6 |     1 ||     7
         Potion            |     1 |       ||     1
 Armour: Robe              |     4 |       ||     4
         Ring mail         |    12 |     6 ||    18
  Dodge: Dodged            |    28 |     7 ||    35

Table legend:
 A = Non-vault XP
 B = Vault XP
 C = Vault XP percentage of total XP
 D = Non-vault monster count
 E = Vault monster count
 F = Vault count percentage of total count
                 A         B        C        D         E       F
            +---------+---------+-------+---------+---------+-------
      Total |     184 |      12 |   6.1 |      42 |       6 |  12.5
            +---------+---------+-------+---------+---------+-------
        D:1 |      28 |      12 |  30.0 |      17 |       6 |  26.1
        D:2 |      22 |       0 |   0.0 |       7 |       0 |   0.0
        D:3 |     134 |       0 |   0.0 |      18 |       0 |   0.0
            +---------+---------+-------+---------+---------+-------
